Map: [ESL] Gresvan

Players

Bunny - Winner!

  • Race: Terran Terran

Lambo

  • Race: Zerg Zerg

Event: IEM Katowice 2023

VOD

Have the link to the VOD?

Description

Time

  • Played on: Feb. 9, 2023, 1:17 p.m.
  • Length: 8:02

All games in this series

Show
View Real Time Build Order
Export as new Build Order

Bunny Terran - Winner!

Build Orders: Command Center First (CC), Hellion Banshee 

Get SALT Encoding   

  12  0:00  SCV  
  13  0:12  SCV  
  14  0:17  Supply Depot  
  14  0:24  SCV  
  15  0:38  SCV  
  16  0:51  SCV  
  17  0:58  Command Center  
  17  1:03  SCV  
  18  1:11  Barracks  
  18  1:15  SCV  
  19  1:20  Refinery  
  19  1:27  SCV  
  19  1:28  Refinery  
  20  1:39  SCV  
  21  1:51  SCV  
  22  1:59  Marine  
  23  2:03  Orbital Command  
  23  2:09  Factory  
  23  2:11  Orbital Command  
  23  2:18  Barracks Reactor  
  24  2:30  SCV, Supply Depot  
  24  2:36  SCV  
  25  2:42  SCV  
  26  2:48  SCV  
  27  2:54  SCV  
  27  2:55  Starport  
  28  3:02  Hellion x2  
  28  3:05  SCV  
  32  3:06  SCV, Barracks Tech Lab  
  33  3:19  SCV x2  
  34  3:27  Hellion  
  34  3:28  Hellion  
  34  3:31  SCV x2  
  40  3:36  Banshee  
  40  3:37  Barracks Tech Lab, Supply Depot  
  43  3:43  SCV x2  
  45  3:55  Stimpack, SCV  
  45  3:58  SCV  
  45  3:59  Marine, Hellion x2  
  45  4:00  Supply Depot  
  52  4:03  Cloaking Field  
  52  4:08  SCV  
  53  4:11  SCV  
  54  4:21  Marine, Banshee  
  54  4:24  Supply Depot  
  58  4:26  SCV x2  
  58  4:28  Barracks, Factory Reactor  
  58  4:30  Barracks  
  60  4:33  Engineering Bay  
  60  4:34  Refinery  
  60  4:38  SCV x2  
  60  4:41  Barracks  
  60  4:44  Barracks  
  62  4:50  SCV x2  
  62  4:52  Supply Depot  
  64  4:54  Marine  
  65  5:00  Terran Infantry Weapons Level 1  
  65  5:04  SCV  
  65  5:05  SCV  
  67  5:14  Marine  
  67  5:18  Supply Depot  
  67  5:19  Refinery  
  67  5:21  Marine x2  
  70  5:25  Marine  
  70  5:26  Marine  
  70  5:28  Marine  
  72  5:31  Siege Tank  
  72  5:32  Marine x2  
  72  5:35  Starport Reactor  
  78  5:39  Marine  
  78  5:42  Marine, Supply Depot  
  80  5:43  Marine x2  
  80  5:44  Supply Depot  
  80  5:48  Marine  
  83  5:50  Marine x2  
  83  5:53  Supply Depot  
  83  5:54  Supply Depot  
  85  5:57  Marine  
  86  6:04  Marine x3, Siege Tank  
  86  6:06  Marine  
  86  6:07  Marine  
  86  6:08  Marine  
  95  6:11  Supply Depot x2  
  95  6:12  Medivac x2  
  95  6:15  Marine  
  95  6:16  Combat Shield  
  100  6:22  Marine x2  
  100  6:23  Marine  
  100  6:24  Marine  
  104  6:25  Marine  
  104  6:26  Marine  
  104  6:28  Supply Depot  
  106  6:33  Marine  
  106  6:36  Siege Tank  
  106  6:39  Marine x2  
  110  6:44  Medivac x2  
  110  6:46  Marine  
  117  6:50  Supply Depot  
  117  6:51  Supply Depot  
  117  6:55  Marine x4  
  117  6:57  Marine x2  
  123  7:07  Marine  
  124  7:10  Siege Tank  
  124  7:13  Marine x2  
  124  7:14  Medivac  
  128  7:23  Marine x4, Medivac  
  120  7:38  Marine x3  
  120  7:41  Marine x3  
Show
View Real Time Build Order
Export as new Build Order

Lambo Zerg 

Build Orders: Hatch First 

Get SALT Encoding   

  12  0:00  Drone  
  13  0:12  Overlord  
  13  0:17  Drone  
  14  0:30  Drone x2  
  16  0:48  Hatchery  
  15  0:52  Drone  
  15  0:55  Drone  
  17  0:58  Drone  
  18  1:10  Extractor  
  17  1:13  Spawning Pool  
  17  1:16  Drone  
  17  1:20  Drone  
  18  1:28  Drone  
  19  1:39  Drone  
  20  1:49  Drone  
  21  1:59  Queen x2  
  21  2:00  Zergling x4  
  27  2:10  Drone  
  27  2:11  Overlord  
  28  2:21  Hatchery  
  27  2:23  Drone  
  27  2:29  Drone  
  29  2:31  Drone x2  
  31  2:38  Queen  
  31  2:42  Overlord  
  33  2:46  Drone  
  34  2:54  Drone x2  
  34  2:55  Metabolic Boost  
  36  3:03  Queen  
  36  3:05  Drone x2  
  40  3:08  Drone  
  43  3:12  Drone x2  
  43  3:16  Drone  
  43  3:22  Overlord  
  42  3:28  Queen  
  42  3:33  Queen  
  46  3:35  Drone  
  46  3:36  Zergling x2  
  46  3:37  Overlord  
  48  3:41  Queen  
  48  3:43  Drone  
  48  3:44  Drone  
  48  3:46  Drone  
  48  3:47  Drone  
  54  3:53  Drone x2  
  56  3:57  Drone x2  
  56  4:00  Overlord  
  56  4:01  Drone  
  59  4:04  Drone  
  59  4:05  Queen  
  59  4:08  Overlord  
  62  4:12  Queen  
  62  4:15  Drone x2  
  66  4:18  Zergling x2  
  66  4:19  Spore Crawler  
  66  4:20  Zergling x2  
  67  4:25  Zergling x4  
  67  4:26  Zergling x2  
  67  4:27  Drone  
  67  4:29  Lair  
  71  4:35  Zergling x2  
  71  4:36  Drone x3  
  71  4:37  Extractor, Drone x2  
  76  4:41  Drone, Spore Crawler  
  76  4:43  Drone x2  
  76  4:45  Drone  
  79  4:49  Drone  
  79  4:51  Drone  
  81  4:53  Baneling Nest  
  81  4:57  Hatchery  
  81  4:59  Drone x2  
  81  5:02  Drone  
  81  5:04  Extractor  
  81  5:06  Drone  
  82  5:08  Overlord  
  82  5:12  Overlord  
  82  5:16  Overlord  
  82  5:18  Overlord  
  82  5:20  Overlord x2  
  82  5:24  Extractor, Drone  
  82  5:26  Overlord, Queen  
  82  5:27  Evolution Chamber x2  
  82  5:29  Zergling x2  
  82  5:30  Zergling x4  
  82  5:32  Drone x2  
  87  5:36  Overseer  
  87  5:38  Overseer  
  83  5:43  Drone x5  
  83  5:47  Drone x2  
  88  5:51  Drone x2  
  88  5:53  Drone  
  92  5:57  Drone x2  
  92  6:01  Centrifugal Hooks  
  92  6:04  Drone x3  
  92  6:07  Drone x2  
  92  6:08  Drone  
  92  6:10  Drone  
  92  6:11  Drone  
  99  6:16  Drone x3  
  102  6:20  Extractor  
  102  6:21  Drone  
  102  6:25  Drone, Spore Crawler  
  103  6:26  Drone x2  
  104  6:34  Spore Crawler  
  104  6:36  Drone x7  
  108  6:40  Drone x4  
  108  6:46  Zergling x6  
  115  6:52  Zergling x6  
  118  6:55  Baneling x4  
  118  6:57  Zergling x2  
  118  7:00  Hydralisk Den  
  118  7:04  Zergling x18  
  118  7:05  Baneling  
  118  7:06  Baneling x3  
  127  7:12  Zergling x8  
  127  7:15  Baneling x2  
  130  7:19  Zergling x6  
  130  7:22  Baneling x5  
  127  7:24  Zergling x2  
  126  7:30  Overlord  
  126  7:32  Zergling x6  
  122  7:40  Zergling x14  

Tags
 
Add a new tag
Caveats
  • Supply blocks, unpowered buildings, or Contaminate may cause inaccurate times.
  • Supply counts are checked every 10 seconds.